[Event "ICC tourney 2978 (40 10)"]
[Site "Internet Chess Club"]
[Date "2022.08.06"]
[Round "4"]
[White "HE, JUSTIN SHANDONG:HeJustin"]
[Black "LOCHAM, DIVJOT SINGH:winner08"]
[Result "1-0"]
[ICCResult "Black checkmated"]
[WhiteElo "1329"]
[BlackElo "1750"]
[Opening "Ruy Lopez: Anderssen variation"]
[ECO "C77"]
[NIC "RL.12"]
[Time "17:45:39"]
[PlyCount "189"]
[TimeControl "2400+10"]

1. e4 e5 2. Nf3 Nc6 3. Bb5 a6 4. Ba4 Nf6 5. d3 b5 6. Bb3 Be7 7. O-O d6 8. c3
O-O 9. Nbd2 Bg4 10. h3 Bh5 11. Re1 Nb8 12. Nf1 Nbd7 13. Ng3 Bg6 14. Nh4 Re8
15. Nhf5 Nc5 16. Bc2 Ne6 17. d4 Nf4 18. Bxf4 exf4 19. Ne2 Bxf5 20. exf5 f3
21. gxf3 d5 22. Ng3 Bd6 23. Rxe8+ Qxe8 24. Qe1 Qxe1+ 25. Rxe1 Kf8 26. Kf1
Re8 27. Rxe8+ Kxe8 28. Ne2 Nh5 29. b4 Nf4 30. Nxf4 Bxf4 31. Ke2 Ke7 32. f6+
Kxf6 33. a4 g6 34. axb5 axb5 35. Bd3 c6 36. Kd1 Kg5 37. Bf1 Bh2 38. Ke2 f5
39. Bg2 Bf4 40. Kd1 Kf6 41. Bf1 Kg5 42. Bg2 Bd6 43. Ke2 Kf4 44. Bf1 Be7 45.
Bg2 Bh4 46. Bf1 h6 47. Bg2 g5 48. Bf1 g4 49. fxg4 fxg4 50. Bg2 h5 51. Bf1
Bg5 52. Bg2 h4 53. Bf1 g3 54. f3 Kf5 55. Bg2 Bc1 56. Kd1 Be3 57. Ke2 Kf4 58.
Kd3 Bg1 59. Ke2 Bf2 60. Kd3 Be1 61. Bh1 Kf5 62. Bg2 Kg5 63. Bh1 Kf4 64. Bg2
Kf5 65. Kc2 Kg5 66. Kd3 Kf4 67. Bh1 g2 68. Bxg2 Kg3 69. Bf1 Kxf3 70. Be2+
Kg2 71. Bg4 Kg3 72. Bd7 Kh2 73. Bxc6 Kxh3 74. Bxb5 Kg3 75. Bc6 h3 76. Bxd5
h2 77. b5 Kg4 78. b6 Kf5 79. c4 Kf6 80. c5 Ke7 81. Bh1 Kd7 82. d5 Bg3 83. d6
Kc8 84. Kc4 Kd7 85. Kd5 Kc8 86. Ke6 Bf2 87. b7+ Kb8 88. c6 Bb6 89. Kd7 Ka7
90. c7 Ka6 91. b8=Q Ba7 92. Qb7+ Ka5 93. c8=Q Bb8 94. Qc5+ Ka4 95. Qcb4#
{Black checkmated}
1-0

[Event "ICC tourney 2978 (40 10)"]
[Site "Internet Chess Club"]
[Date "2022.08.06"]
[Round "4"]
[White "HO, CARTER:corviknight"]
[Black "Vittal, Sanjana:MCTS13"]
[Result "1-0"]
[ICCResult "Black resigns"]
[WhiteElo "2012"]
[BlackElo "1945"]
[Opening "Two knights defense (Modern bishop's opening)"]
[ECO "C55"]
[NIC "IG.01"]
[Time "17:46:04"]
[PlyCount "95"]
[TimeControl "2400+10"]

1. e4 e5 2. Nf3 Nc6 3. Bc4 Nf6 4. d3 h6 5. O-O d6 6. c3 g5 7. Nbd2 Bg7 8. a4
Qe7 9. b4 Nh5 10. Nb3 Nf4 11. b5 Nd8 12. d4 f6 13. Re1 Nde6 14. d5 Nf8 15.
Bxf4 gxf4 16. Nh4 h5 17. Be2 Qf7 18. c4 f5 19. Nxf5 Bxf5 20. exf5 Qxf5 21.
Bf3 Kf7 22. c5 Re8 23. Rc1 Re7 24. Nd2 h4 25. Ne4 Rh6 26. Qc2 Qg6 27. cxd6
cxd6 28. Qc8 Kg8 29. Bg4 h3 30. Bxh3 f3 31. Qf5 fxg2 32. Rc8 Qxf5 33. Bxf5
Bf6 34. Nxd6 Bh4 35. Ne4 Rf7 36. Be6 Rxe6 37. dxe6 Re7 38. Nc5 Kg7 39. Rxe5
b6 40. Nd3 Nxe6 41. Rc6 Rd7 42. Rexe6 Rxd3 43. Rc7+ Kf8 44. Kxg2 Rd2 45. Rh6
Rxf2+ 46. Kg1 Kg8 47. Rxh4 Ra2 48. Rxa7 {Black resigns} 1-0

[Event "ICC tourney 2978 (40 10)"]
[Site "Internet Chess Club"]
[Date "2022.08.06"]
[Round "4"]
[White "Guo, Anni:movingkid"]
[Black "WEI, KEVIN:Kevinturtle"]
[Result "1-0"]
[ICCResult "Black resigns"]
[WhiteElo "1759"]
[BlackElo "1604"]
[Opening "Sicilian: Prins (Moscow) variation"]
[ECO "B55"]
[NIC "SI.01"]
[Time "17:45:09"]
[PlyCount "159"]
[TimeControl "2400+10"]

1. e4 c5 2. Nf3 d6 3. d4 cxd4 4. Nxd4 Nf6 5. f3 g6 6. c4 Bg7 7. Nc3 Nc6 8.
Be3 O-O 9. Qd2 Bd7 10. Be2 Rc8 11. O-O Ne5 12. b3 a6 13. Rfd1 Qc7 14. Rac1
Bc6 15. Kh1 Rfd8 16. Bg5 e6 17. Nd5 exd5 18. cxd5 Qd7 19. dxc6 Nxc6 20. Nxc6
Rxc6 21. Rxc6 bxc6 22. Bxa6 Qa7 23. Bc4 Rd7 24. a4 d5 25. Bxf6 Bxf6 26. exd5
cxd5 27. Bxd5 Qc5 28. g3 Kg7 29. Qd3 Rd6 30. Rd2 Bc3 31. Rc2 Rxd5 32. Qxc3+
Qd4 33. Kg2 Kf6 34. Qxd4+ Rxd4 35. Kf2 Rb4 36. Rb2 Ke5 37. Ke3 f5 38. f4+
Kd5 39. Kd3 h6 40. Kc3 Kc5 41. Re2 Rb7 42. Re5+ Kd6 43. Re2 Rc7+ 44. Kd4 Rb7
45. Kc4 Rc7+ 46. Kd4 Rb7 47. Kc3 Rc7+ 48. Kb4 Rb7+ 49. Ka3 Kd5 50. b4 Kc4
51. b5 Kc5 52. Kb3 Rd7 53. Rc2+ Kb6 54. Rc6+ Kb7 55. Rxg6 Rd3+ 56. Kc4 Ra3
57. Kb4 Re3 58. Rxh6 Re4+ 59. Ka5 Re8 60. Rh7+ Kb8 61. b6 Re6 62. Kb5 Rd6
63. a5 Rd5+ 64. Ka6 Rd8 65. Kb5 Rd5+ 66. Kb4 Rd4+ 67. Kc5 Rd8 68. a6 Rc8+
69. Rc7 Rd8 70. a7+ Ka8 71. b7+ Kxa7 72. Rc8 Rxc8+ 73. bxc8=N+ Ka6 74. h4
Kb7 75. h5 Ka6 76. h6 Ka5 77. h7 Ka6 78. h8=Q Kb7 79. Qg7+ Kxc8 80. Kc6
{Black resigns}
1-0

[Event "ICC tourney 2978 (40 10)"]
[Site "Internet Chess Club"]
[Date "2022.08.06"]
[Round "5"]
[White "RAMASWAMY, PUDUR:clair"]
[Black "Wang, Zachary:CupEnd"]
[Result "0-1"]
[ICCResult "White resigns"]
[WhiteElo "1603"]
[BlackElo "1623"]
[Opening "Dutch"]
[ECO "A80"]
[NIC "HD.12"]
[Time "20:00:15"]
[PlyCount "40"]
[TimeControl "2400+10"]

1. d4 f5 2. Nc3 g6 3. Bf4 Bg7 4. e3 Nf6 5. Be2 O-O 6. h4 d6 7. h5 gxh5 8.
Bxh5 Nbd7 9. Qe2 Nxh5 10. Qxh5 Nf6 11. Qh2 Be6 12. O-O-O Bf7 13. Nf3 Bg6 14.
Bh6 Ng4 15. Qh4 Bxh6 16. Nd5 Rf7 17. Ng5 Bxg5 18. Qxg5 c6 19. Nf4 e5 20.
Nxg6 Qxg5 {White resigns} 0-1

[Event "ICC tourney 2978 (40 10)"]
[Site "Internet Chess Club"]
[Date "2022.08.06"]
[Round "5"]
[White "SRIPADA, HAVISH:brilliantnessme"]
[Black "MARKOVIC, GORAN:Goran21"]
[Result "0-1"]
[ICCResult "White checkmated"]
[WhiteElo "1945"]
[BlackElo "1940"]
[Opening "Sicilian: Najdorf"]
[ECO "B90"]
[NIC "SI.14"]
[Time "20:00:06"]
[PlyCount "60"]
[TimeControl "2400+10"]

1. e4 c5 2. Nf3 d6 3. d4 cxd4 4. Nxd4 Nf6 5. Nc3 a6 6. f3 e5 7. Nb3 Be7 8.
Be3 Be6 9. Qd2 O-O 10. O-O-O Qc7 11. g4 b5 12. g5 Nfd7 13. Kb1 Nb6 14. Qf2
Nc4 15. Bxc4 bxc4 16. Nc1 Nd7 17. N1e2 Rab8 18. h4 Qb7 19. Bc1 Nc5 20. h5
Bxg5 21. f4 exf4 22. h6 g6 23. Nxf4 Nxe4 24. Nxe4 Qxe4 25. Nh5 c3 26. a3 Qc4
27. b3 Rxb3+ 28. cxb3 Qxb3+ 29. Ka1 c2 30. Rd5 Qb1# {White checkmated} 0-1

[Event "ICC tourney 2978 (40 10)"]
[Site "Internet Chess Club"]
[Date "2022.08.06"]
[Round "5"]
[White "CHINNI, RISHABH:alphachesplayer"]
[Black "GU, MINGHAO:mancogu"]
[Result "1-0"]
[ICCResult "Black checkmated"]
[WhiteElo "1694"]
[BlackElo "1727"]
[Opening "Sicilian: Najdorf"]
[ECO "B90"]
[NIC "SI.14"]
[Time "20:00:33"]
[PlyCount "55"]
[TimeControl "2400+10"]

1. e4 c5 2. Nf3 d6 3. d4 cxd4 4. Nxd4 Nf6 5. Nc3 a6 6. f3 e5 7. Nb3 Be7 8.
Be3 Be6 9. Qd2 O-O 10. O-O-O Nbd7 11. g4 Qc7 12. h4 b5 13. h5 b4 14. Nd5
Bxd5 15. exd5 Rfc8 16. g5 Nxd5 17. Bd3 Nxe3 18. Qxe3 Nc5 19. Nxc5 Qxc5 20.
Qd2 Rf8 21. g6 Bf6 22. Be4 Rad8 23. Bd5 Kh8 24. h6 fxg6 25. hxg7+ Bxg7 26.
Rxh7+ Kxh7 27. Rh1+ Bh6 28. Qxh6# {Black checkmated} 1-0

[Event "ICC tourney 2978 (40 10)"]
[Site "Internet Chess Club"]
[Date "2022.08.06"]
[Round "5"]
[White "WANG, TED:tedwpnw"]
[Black "Turcotte, Jonathan:JonnyTurgi"]
[Result "0-1"]
[ICCResult "White resigns"]
[WhiteElo "1908"]
[BlackElo "2000"]
[Opening "Caro-Kann: classical variation"]
[ECO "B18"]
[NIC "CK.10"]
[Time "20:00:18"]
[PlyCount "102"]
[TimeControl "2400+10"]

1. e4 c6 2. d4 d5 3. Nc3 dxe4 4. Nxe4 Bf5 5. Ng3 Bg6 6. N1e2 Nf6 7. Nf4 e5
8. Nxg6 hxg6 9. dxe5 Qa5+ 10. c3 Qxe5+ 11. Be2 Nbd7 12. Qc2 Bc5 13. a3 O-O-O
14. b4 Bb6 15. Bb2 Qf4 16. Bd1 Ne5 17. Bc1 Qh4 18. Be2 Nfg4 19. Be3 Bxe3 20.
fxe3 Qxg3+ 21. hxg3 Rxh1+ 22. Bf1 Rxf1+ 23. Kxf1 Nxe3+ 24. Ke2 Nxc2 25. Ra2
Nxa3 26. Rxa3 a6 27. Ra1 Nc4 28. Rc1 Rd2+ 29. Kf3 Rd3+ 30. Kf2 Nd6 31. g4
Ne4+ 32. Ke2 Rxc3 33. Re1 f5 34. gxf5 gxf5 35. Ra1 g6 36. Ra5 b5 37. Rxa6
Rc2+ 38. Kf1 Kb7 39. Ra3 Rb2 40. Rd3 Rxb4 41. Rd7+ Kb6 42. Rg7 Rb1+ 43. Ke2
Rb2+ 44. Kf1 g5 45. Rf7 b4 46. Kg1 Rb1+ 47. Kh2 f4 48. Re7 Nf2 49. g3 f3 50.
g4 Nxg4+ 51. Kg3 f2 {White resigns} 0-1

[Event "ICC tourney 2978 (40 10)"]
[Site "Internet Chess Club"]
[Date "2022.08.06"]
[Round "5"]
[White "JIN, JERRY:MysteryHunter"]
[Black "Guo, Anni:movingkid"]
[Result "0-1"]
[ICCResult "White resigns"]
[WhiteElo "1572"]
[BlackElo "1759"]
[Opening "Sicilian: dragon, Yugoslav attack, 10.O-O-O"]
[ECO "B78"]
[NIC "SI.18"]
[Time "20:00:32"]
[PlyCount "114"]
[TimeControl "2400+10"]

1. e4 c5 2. Nf3 d6 3. d4 cxd4 4. Nxd4 Nf6 5. Nc3 g6 6. Be3 Bg7 7. f3 O-O 8.
Qd2 Nc6 9. Bc4 Bd7 10. O-O-O Rc8 11. Bb3 Ne5 12. Kb1 Nc4 13. Bxc4 Rxc4 14.
h4 h5 15. Nd5 e6 16. Nxf6+ Qxf6 17. c3 b5 18. Nb3 b4 19. cxb4 Ba4 20. Bd4 e5
21. Bc3 Rc6 22. Qd5 Rfc8 23. Qa5 Bxb3 24. axb3 Qe7 25. Rd5 a6 26. Rd2 Bh6
27. Rdd1 Be3 28. g4 hxg4 29. fxg4 Qe6 30. Qd5 Qxg4 31. Qd3 Bh6 32. Rdg1 Qe6
33. Ka2 Kh7 34. Qh3 Qxh3 35. Rxh3 Rg8 36. Kb1 f5 37. exf5 gxf5 38. Rxg8 Kxg8
39. Kc2 Kf7 40. Kd3 f4 41. Ke4 Ke6 42. Rd3 Rb6 43. Rd1 Rb5 44. Ra1 d5+ 45.
Kf3 Rb6 46. Re1 e4+ 47. Kg4 f3 48. Rf1 Rb7 49. Kh5 Bg7 50. Kg6 Bxc3 51. bxc3
Rf7 52. h5 f2 53. h6 e3 54. h7 Rxh7 55. Kxh7 e2 56. Rxf2 e1=Q 57. Rf3 Qh1+
{White resigns}
0-1

[Event "ICC tourney 2978 (40 10)"]
[Site "Internet Chess Club"]
[Date "2022.08.06"]
[Round "5"]
[White "LENDERMAN, ALEKSANDR:manest"]
[Black "HO, CARTER:corviknight"]
[Result "0-1"]
[ICCResult "White resigns"]
[WhiteElo "2521"]
[BlackElo "2012"]
[Opening "QGD Slav: 3.Nf3"]
[ECO "D11"]
[NIC "SL.01"]
[Time "20:00:11"]
[PlyCount "76"]
[TimeControl "2400+10"]

1. d4 d5 2. c4 c6 3. Nf3 Nf6 4. Qb3 dxc4 5. Qxc4 Bf5 6. g3 Nbd7 7. Bg2 e6 8.
O-O Be7 9. e3 O-O 10. Rd1 e5 11. Nc3 Qc7 12. h3 Rad8 13. Qe2 Rfe8 14. e4
exd4 15. Nxd4 Bg6 16. Bf4 Qc8 17. Be3 Bb4 18. f3 Qc7 19. Bf2 h6 20. Rac1 Bf8
21. f4 Bxe4 22. Ndb5 Bxg2 23. Nxc7 Rxe2 24. Nxe2 Bxh3 25. Bd4 Rc8 26. Nb5
Bg4 27. Nbc3 b5 28. Re1 Nc5 29. Bxc5 Bxc5+ 30. Kg2 Rd8 31. Nxb5 Be3 32. Rxc6
Bd2 33. Ra1 Bxe2 34. Nxa7 Rd3 35. Rc8+ Kh7 36. a4 Bf3+ 37. Kh2 Ng4+ 38. Kh3
Rd5 {White resigns} 0-1

[Event "ICC tourney 2978 (40 10)"]
[Site "Internet Chess Club"]
[Date "2022.08.06"]
[Round "5"]
[White "QI, JENNY:eevee11"]
[Black "LOCHAM, DIVJOT SINGH:winner08"]
[Result "0-1"]
[ICCResult "White checkmated"]
[WhiteElo "1425"]
[BlackElo "1750"]
[Opening "Ruy Lopez: closed, Flohr-Zaitsev system (Lenzerheide variation)"]
[ECO "C92"]
[NIC "RL.26"]
[Time "20:01:35"]
[PlyCount "146"]
[TimeControl "2400+10"]

1. e4 e5 2. Nf3 Nc6 3. Bb5 a6 4. Ba4 Nf6 5. O-O Be7 6. Re1 b5 7. Bb3 d6 8.
c3 O-O 9. h3 Bb7 10. d4 Re8 11. Ng5 Rf8 12. d5 Na5 13. Bc2 h6 14. Nf3 c6 15.
dxc6 Bxc6 16. Nbd2 Nc4 17. Nf1 Re8 18. Ng3 Bf8 19. Nf5 Kh7 20. N3h4 g6 21.
Ng3 d5 22. exd5 Nxd5 23. Qf3 Ra7 24. Nhf5 Nde3 25. Be4 Bxe4 26. Qxe4 Nxf5
27. Nxf5 gxf5 28. Qxf5+ Kh8 29. Qh5 f6 30. b3 Nd6 31. Be3 Rg7 32. Qxh6+ Rh7
33. Qg6 Qe7 34. Bc5 Qg7 35. Qxg7+ Rxg7 36. f4 e4 37. Rad1 Rd7 38. Rd5 Rdd8
39. Re3 Kg7 40. Rg3+ Kf7 41. Rh5 Ke6 42. Bxd6 Rxd6 43. Re3 f5 44. Rh7 Rd1+
45. Kh2 Bd6 46. Rh6+ Kd7 47. Rh4 Rf1 48. g3 Rf2+ 49. Kg1 Rxa2 50. Rh7+ Kc8
51. Re1 e3 52. Rh6 Bc7 53. Rf6 e2 54. Rxf5 Rd8 55. Kf2 Bb6+ 56. Kf3 Rd3+ 57.
Kg2 Rd1 58. Rf8+ Kd7 59. Rf7+ Ke8 60. Rf5 Rxe1 61. Re5+ Kf7 62. Rf5+ Kg6 63.
Rg5+ Kf6 64. Re5 Rg1+ 65. Kf3 e1=Q 66. Rxe1 Rxe1 67. g4 Ra3 68. g5+ Kf5 69.
h4 Rxb3 70. h5 Rxc3+ 71. Kg2 Re2+ 72. Kf1 Ra2 73. Ke1 Rc1# {White
checkmated} 0-1

[Event "ICC tourney 2978 (40 10)"]
[Site "Internet Chess Club"]
[Date "2022.08.06"]
[Round "5"]
[White "Vittal, Sanjana:MCTS13"]
[Black "HO, COOPER:arsenicblast"]
[Result "1-0"]
[ICCResult "Black resigns"]
[WhiteElo "1945"]
[BlackElo "1893"]
[Opening "Sicilian: closed, 2...Nc6"]
[ECO "B23"]
[NIC "SI.44"]
[Time "20:00:40"]
[PlyCount "85"]
[TimeControl "2400+10"]

1. e4 c5 2. Nc3 Nc6 3. Bb5 Nd4 4. Nf3 a6 5. Bd3 g6 6. O-O Bg7 7. a3 d6 8.
Nxd4 Bxd4 9. Ne2 Bg7 10. Rb1 Nf6 11. b4 Nd7 12. Nf4 O-O 13. Bb2 b5 14. Bxg7
Kxg7 15. c4 Bb7 16. Qe2 Ne5 17. Rfc1 Nxd3 18. Qxd3 e5 19. Nd5 bxc4 20. Rxc4
Bc6 21. bxc5 Bb5 22. c6 Bxc4 23. Qxc4 Qa5 24. Qd3 Qc5 25. c7 f5 26. Qc3 Qxc3
27. dxc3 fxe4 28. Rb7 Rac8 29. Kf1 Kf7 30. Ke2 Ke6 31. c4 Kd7 32. Ra7 Kc6
33. Rxa6+ Kc5 34. Ra4 Rf7 35. Ke3 Rcxc7 36. Nxc7 Rxc7 37. Kxe4 Rf7 38. f3
Rb7 39. Ra8 Kxc4 40. Rc8+ Kb3 41. Kd5 Kxa3 42. Kxd6 Rb2 43. Ra8+ {Black
resigns} 1-0

[Event "ICC tourney 2978 (40 10)"]
[Site "Internet Chess Club"]
[Date "2022.08.06"]
[Round "5"]
[White "IVANOV, ALEXANDER:marble"]
[Black "Nguyen, Hoa Duc:leoman"]
[Result "1/2-1/2"]
[ICCResult "Game drawn by mutual agreement"]
[WhiteElo "2339"]
[BlackElo "2469"]
[Opening "Sicilian defense"]
[ECO "B40"]
[NIC "SI.43"]
[Time "20:01:34"]
[PlyCount "125"]
[TimeControl "2400+10"]

1. e4 c5 2. Nf3 e6 3. c3 Nf6 4. e5 Nd5 5. d4 cxd4 6. cxd4 d6 7. a3 Bd7 8.
Bd3 Bc6 9. O-O Nd7 10. Bd2 dxe5 11. dxe5 Be7 12. Nc3 Nc5 13. Bc2 O-O 14. Re1
Nxc3 15. Bxc3 Qxd1 16. Raxd1 Rfd8 17. Nd4 Ba4 18. b3 Be8 19. Ne2 Rac8 20.
Rxd8 Rxd8 21. Rd1 Rc8 22. Rd2 Bb5 23. Bb2 Kf8 24. Nd4 Be8 25. f4 Rd8 26. Nf3
Rxd2 27. Nxd2 Bc6 28. b4 Na4 29. Bd4 a5 30. bxa5 Bxa3 31. Ne4 h6 32. Kf2 Bb4
33. Bxa4 Bxe4 34. Bb6 g5 35. fxg5 hxg5 36. g4 Bc3 37. Bc7 Bd3 38. h3 Ke7 39.
Kg2 Bd4 40. Kg3 Bc3 41. Kg2 Bc4 42. Kf2 Bb4 43. Kg2 Be1 44. Bb6 Bc3 45. Bc7
f6 46. exf6+ Bxf6 47. Kf2 Bd4+ 48. Kg3 Bc3 49. Kf2 e5 50. Kf3 Bd5+ 51. Kf2
Bc4 52. Kf3 Ke6 53. Bd8 Bd2 54. Bc2 Kd7 55. Bb6 Bf1 56. Bf5+ Kd6 57. Be4 Ba6
58. Bd8 Kd7 59. Bb6 Bc3 60. Be3 Bf1 61. Bxb7 Bxa5 62. Bxg5 Bxh3 63. Be4
{Game drawn by mutual agreement}
1/2-1/2